Map: Blackpink LE

Players

Chris - Winner!

  • Race: Protoss Protoss
  • League: Gold
  • Spawn Location: 7:00

CinDra

  • Race: Zerg Zerg
  • League: Silver
  • Spawn Location: 1:00

VOD

Have the link to the VOD?

Description

Time

  • Played on: Feb. 24, 2018, 4:39 p.m.
  • Length: 22:45
Show
View Real Time Build Order
Export as new Build Order

Chris Protoss - Winner!

Build Orders:  

Get SALT Encoding   

  12  0:01  Probe  
  13  0:13  Probe  
  14  0:25  Probe  
  15  0:33  Pylon  
  15  0:38  Assimilator  
  15  0:51  Probe  
  15  0:53  Gateway  
  15  0:56  Gateway  
  16  1:03  Probe  
  17  1:15  Pylon, Probe  
  18  1:27  Probe  
  18  1:32  Assimilator  
  19  1:39  Probe  
  20  1:49  Cybernetics Core  
  20  1:51  Probe  
  20  1:52  Zealot  
  23  1:58  Zealot  
  25  2:04  Probe  
  26  2:30  Nexus  
  26  2:50  Probe  
  27  3:02  Stargate  
  27  3:03  Stargate  
  27  3:14  Forge  
  27  3:22  Shield Battery  
  27  3:24  Probe  
  28  3:36  Probe  
  29  3:41  Pylon  
  29  3:42  Probe  
  29  3:43  Pylon  
  30  3:48  Probe  
  30  3:55  Probe  
  32  3:59  Void Ray (Chrono Boost)  
  32  4:00  Probe  
  37  4:08  Void Ray (Chrono Boost)  
  37  4:15  Probe  
  37  4:16  Probe  
  43  4:28  Probe x2  
  45  4:40  Probe x2  
  45  4:41  Assimilator  
  45  4:43  Assimilator  
  47  4:51  Void Ray  
  47  4:52  Probe x2  
  53  4:58  Void Ray (Chrono Boost)  
  57  5:04  Probe x2  
  59  5:16  Probe x2  
  61  5:23  Robotics Facility  
  62  5:28  Probe  
  62  5:35  Pylon  
  62  5:37  Pylon  
  62  5:50  Protoss Air Weapons Level 1  
  62  5:52  Void Ray (Chrono Boost)  
  62  5:53  Probe  
  62  5:54  Void Ray  
  71  6:00  Cybernetics Core  
  71  6:11  Observer  
  72  6:25  Stargate  
  72  6:27  Stargate  
  72  6:30  Forge  
  72  6:41  Nexus  
  72  6:45  Assimilator  
  72  6:49  Assimilator  
  72  6:54  Observer  
  73  6:57  Probe  
  73  6:58  Probe  
  75  7:09  Probe  
  75  7:10  Probe  
  77  7:22  Probe  
  78  7:42  Pylon  
  78  7:43  Pylon  
  78  7:45  Pylon  
  78  7:47  Pylon  
  78  7:51  Protoss Air Armor Level 1  
  78  7:53  Probe x2, Void Ray x2 (Chrono Boost)  
  78  7:57  Phoenix x2 (Chrono Boost)  
  92  8:02  Probe  
  92  8:05  Fleet Beacon, Probe x2  
  95  8:14  Probe  
  95  8:16  Protoss Shields Level 1  
  96  8:27  Photon Cannon  
  96  8:28  Photon Cannon  
  96  8:29  Phoenix x2  
  96  8:30  Pylon  
  100  8:47  Nexus  
  76  9:31  Photon Cannon  
  76  9:34  Photon Cannon  
  76  9:36  Anion Pulse-Crystals  
  76  9:41  Phoenix x2 (Chrono Boost)  
  76  9:44  Phoenix x2 (Chrono Boost)  
  84  9:59  Probe x3  
  87  10:01  Phoenix (Chrono Boost)  
  87  10:02  Phoenix x2 (Chrono Boost)  
  93  10:11  Probe x3  
  96  10:14  Phoenix  
  98  10:23  Probe x3  
  98  10:24  Pylon  
  101  10:33  Probe  
  101  10:35  Probe x3  
  105  10:45  Probe  
  105  10:48  Probe x3  
  107  10:57  Probe  
  107  11:00  Probe x3  
  103  11:17  Phoenix x2  
  107  11:20  Phoenix x2  
  111  11:38  Probe x4  
  115  11:49  Carrier x2 (Chrono Boost)  
  115  11:50  Probe x4  
  131  11:55  Protoss Air Weapons Level 2  
  131  12:00  Graviton Catapult  
  131  12:02  Probe x3  
  131  12:04  Phoenix  
  142  12:20  Carrier (Chrono Boost)  
  142  12:21  Pylon  
  142  12:23  Pylon  
  142  12:25  Pylon  
  142  12:27  Pylon  
  138  12:53  Carrier (Chrono Boost)  
  138  12:56  Pylon  
  138  12:59  Pylon  
  138  13:01  Pylon  
  138  13:04  Pylon  
  138  13:11  Assimilator  
  138  13:13  Assimilator  
  76  14:15  Carrier x2 (Chrono Boost)  
  88  14:20  Carrier (Chrono Boost)  
  100  14:28  Carrier (Chrono Boost)  
  100  14:46  Nexus  
  100  14:47  Stargate  
  100  14:49  Stargate, Probe x3  
  100  14:50  Nexus  
  103  14:57  Pylon  
  103  15:00  Pylon  
  103  15:01  Probe  
  103  15:02  Pylon  
  110  15:31  Carrier (Chrono Boost)  
  134  15:38  Carrier x2 (Chrono Boost)  
  134  15:40  Carrier x2 (Chrono Boost)  
  134  15:41  Carrier (Chrono Boost)  
  140  16:02  Probe x2  
  140  16:03  Probe x2  
  140  16:04  Probe  
  145  16:14  Observer, Probe x2  
  145  16:15  Probe x2  
  145  16:16  Probe  
  139  16:35  Observer  
  140  16:42  Probe x4  
  144  16:54  Probe x4  
  144  16:57  Carrier x2 (Chrono Boost), Observer  
  161  17:06  Probe x3  
  170  17:08  Carrier (Chrono Boost)  
  161  17:34  Pylon  
  145  18:02  Carrier (Chrono Boost)  
  145  18:03  Carrier x2 (Chrono Boost)  
  163  18:21  Nexus  
  163  18:23  Pylon  
  163  18:25  Pylon, Probe x3, Assimilator  
  163  18:26  Assimilator  
  163  18:27  Probe  
  167  18:28  Pylon  
  173  18:37  Probe x2  
  173  18:38  Probe  
  173  18:39  Carrier (Chrono Boost), Probe  
  177  18:49  Probe  
  177  18:50  Probe x2  
  177  18:51  Probe  
  181  19:01  Probe  
  172  19:35  Carrier (Chrono Boost)  
  172  19:37  Carrier x2 (Chrono Boost)  
  190  19:46  Nexus  
  190  20:05  Assimilator  
  190  20:06  Probe, Assimilator  
  192  20:07  Probe x4  
  195  20:19  Probe x4  
  200  20:21  Assimilator  
  197  20:31  Probe x4  
  191  20:36  Assimilator  
  191  20:43  Probe  
  191  20:48  Nexus  
  192  20:50  Probe x2  
  192  20:51  Probe  
  192  20:55  Probe  
Show
View Real Time Build Order
Export as new Build Order

CinDra Zerg 

Build Orders: Hatch First 

Get SALT Encoding   

  12  0:01  Drone  
  13  0:13  Overlord  
  13  0:17  Drone  
  14  0:31  Drone  
  14  0:32  Drone  
  16  0:42  Drone  
  17  0:56  Drone  
  18  0:57  Hatchery  
  18  1:02  Drone  
  18  1:11  Drone  
  19  1:12  Extractor  
  18  1:21  Drone, Spawning Pool  
  18  1:29  Drone  
  19  1:40  Drone  
  20  1:50  Drone  
  21  2:08  Queen  
  21  2:09  Queen  
  21  2:11  Zergling x4  
  21  2:12  Overlord  
  21  2:15  Metabolic Boost  
  27  2:20  Drone  
  28  2:28  Overlord  
  28  2:30  Drone  
  29  2:38  Drone  
  30  2:45  Zergling x4  
  32  2:52  Drone  
  33  3:01  Drone  
  34  3:24  Lair  
  34  3:25  Extractor  
  34  3:26  Queen  
  35  3:28  Overlord, Drone  
  35  3:29  Drone x4  
  35  3:30  Drone x4  
  44  3:45  Hatchery, Drone  
  44  3:46  Overlord  
  44  3:49  Drone  
  44  3:50  Drone  
  46  4:14  Drone x2  
  46  4:15  Drone x4  
  52  4:39  Extractor  
  52  4:41  Extractor  
  52  4:44  Spire  
  49  4:48  Drone  
  49  4:49  Drone x5  
  55  4:58  Drone  
  55  4:59  Drone x7  
  63  5:07  Overlord  
  63  5:09  Overlord  
  63  5:28  Zergling x12  
  64  5:29  Zergling x8  
  64  5:31  Overlord x3  
  64  5:33  Pneumatized Carapace  
  73  5:50  Overseer x2  
  73  5:59  Mutalisk x6  
  85  6:05  Extractor  
  85  6:06  Drone x11  
  85  6:07  Extractor  
  85  6:10  Zerg Flyer Weapons Level 1  
  94  6:18  Drone x2  
  94  6:19  Drone  
  94  6:25  Mutalisk  
  99  6:36  Mutalisk x2  
  103  6:44  Drone x2  
  105  6:55  Hydralisk Den  
  104  7:01  Evolution Chamber  
  104  7:02  Evolution Chamber  
  104  7:05  Mutalisk  
  104  7:06  Mutalisk  
  106  7:09  Overlord x7  
  106  7:28  Mutalisk  
  106  7:29  Mutalisk x5  
  118  7:53  Queen  
  118  7:55  Hatchery  
  118  7:56  Queen  
  121  8:11  Zerg Missile Weapons Level 1, Zerg Ground Armor Level 1  
  121  8:13  Hydralisk x9  
  121  8:16  Zergling x18  
  142  9:14  Corruptor  
  142  9:15  Corruptor x9  
  152  9:24  Corruptor  
  154  9:38  Drone x2  
  154  9:39  Drone x5  
  154  9:40  Drone x2  
  154  9:41  Overlord x3  
  154  9:42  Overlord  
  154  9:43  Mutalisk x2  
  154  9:45  Overlord x2  
  167  9:50  Zerg Flyer Armor Level 1  
  167  9:51  Extractor  
  166  9:55  Mutalisk  
  168  10:00  Extractor  
  167  10:36  Corruptor  
  167  10:37  Mutalisk x2  
  167  10:38  Mutalisk x5  
  177  11:03  Hydralisk  
  153  11:04  Hydralisk x9  
  171  11:13  Overlord x2  
  171  11:14  Overlord  
  171  11:18  Hydralisk x2  
  171  11:19  Hydralisk x5  
  185  11:32  Zerg Missile Weapons Level 2  
  185  11:36  Zerg Ground Armor Level 2  
  185  11:41  Muscular Augments  
  185  11:44  Zergling x14  
  185  11:45  Zergling x8  
  185  11:46  Zergling x2  
  197  12:43  Hydralisk  
  140  13:50  Hydralisk  
  140  13:51  Hydralisk x12  
  140  13:52  Hydralisk x14  
  155  14:25  Hatchery  
  154  14:45  Queen  
  156  15:03  Hydralisk  
  156  15:04  Hydralisk x13  
  184  15:10  Overseer  
  184  15:11  Overseer x2  
  184  15:50  Extractor  
  184  15:53  Extractor  
  182  15:57  Hydralisk x4  
  182  15:58  Hydralisk x5  
  103  17:52  Hydralisk x2  
  103  17:53  Hydralisk x19  
  103  17:54  Hydralisk x16  
  103  17:55  Hydralisk x8  
  169  18:25  Hydralisk x11  
  191  18:27  Overlord x2  
  191  18:43  Hatchery  
  190  19:03  Extractor x2  
  188  19:14  Infestation Pit  
  187  20:13  Hydralisk x6  
  199  20:15  Zergling x2  
  196  22:09  Overseer  
  196  22:10  Overseer x5  
Tags
 
Matchup
PvZ
Spawn Locations
Cross Positions
Add a new tag
Caveats
  • Supply blocks, unpowered buildings, or Contaminate may cause inaccurate times.
  • Supply counts are checked every 10 seconds.